 Dungeon Crawl Stone Soup version 0.30.1-11-g7821555f0a (webtiles) character file.

Game seed: 3985483676512640576

1817 Kallu the Grappler (level 9, -3/71 HPs)
             Began as a Ghoul Monk on Jan 7, 2024.
             Was a Follower of Uskayaw.
             Slain by an orc warrior
             ... wielding a +0 scimitar
              (13 damage)
             ... on level 7 of the Dungeon.
             The game lasted 00:08:15 (6456 turns).

Kallu the Grappler (Ghoul Monk)                     Turns: 6456, Time: 00:08:15

Health: -3/71      AC:  2    Str: 19    XL:     9   Next: 10%
Magic:  3/9        EV: 12    Int:  9    God:    Uskayaw [*.....]
Gold:   399        SH:  0    Dex: 11    Spells: 8/8 levels left

rFire   . .          .
                       - Unarmed
rCold   + + +        c - orb {light}
rNeg    + + +        a - +0 robe
rPois   ∞            (no helmet)
rElec   .            (no cloak)
rCorr   .            (no gloves)
SInv    .            (no boots)
Will    .....        l - amulet "Erer" {Acrobat rC+ Int+4}
Stlth   +            m - ring of protection from cold
HPRegen 0.00/turn    (no ring)
MPRegen 0.11/turn

%: acrobat
@: inhibited regen, glowing
A: claws 1, cold resistance 1, negative energy resistance 3, inhibited
regeneration, torment resistance 2, devour on kill
a: Renounce Religion, Stomp


You were on level 7 of the Dungeon.
You worshipped Uskayaw.
Uskayaw was noncommittal.
You visited 2 branches of the dungeon, and saw 8 of its levels.

You collected 399 gold pieces.

Inventory:

Hand Weapons
 b - a +0 sling
Missiles
 n - 27 poisoned darts
 r - 2 throwing nets
Armour
 a - a +0 robe (worn)
 c - an orb of light (worn)
 v - a +0 scale mail
 x - a +0 chain mail
 C - a scarf of resistance
Jewellery
 l - the amulet "Erer" (around neck) {Acrobat rC+ Int+4}
   (You found it on level 2 of the Dungeon)

   [amulet of the acrobat]

   It increases your evasion while moving and waiting.
   Int:       It affects your intelligence (+4).
   rC:        It protects you from cold.
 m - a ring of protection from cold (left claw)
 G - a ring of see invisible
 N - a +6 ring of strength
Wands
 J - a wand of roots (12)
 P - a wand of flame (17)
Scrolls
 f - a scroll of poison {unknown}
 g - 5 scrolls of fear
 h - a scroll of magic mapping {unknown}
 i - 4 scrolls of teleportation
 o - 2 scrolls of silence {unknown}
 p - 2 scrolls of enchant weapon
 s - a scroll of vulnerability
 y - 2 scrolls of enchant armour {unknown}
 A - a scroll of fog {unknown}
 B - a scroll of torment {unknown}
 E - a scroll of immolation {unknown}
 H - 2 scrolls of amnesia {unknown}
 K - a scroll of noise {unknown}
 L - a scroll of identify
 M - a scroll of brand weapon {unknown}
Potions
 d - 3 potions of brilliance {unknown}
 e - 2 potions of haste {unknown}
 j - a potion of mutation {unknown}
 k - a potion of ambrosia
 q - a potion of flight
 t - 2 potions of invisibility {unknown}
 u - a potion of berserk rage {unknown}
 w - 5 potions of curing {unknown}
 z - a potion of attraction {unknown}
 D - 2 potions of magic {unknown}
 F - a potion of resistance {unknown}
 I - a potion of lignification {unknown}
 O - a potion of might {unknown}


   Skills:
 + Level 4.0 Fighting
 + Level 1.3 Armour
 - Level 2.6 Dodging
 + Level 12.3 Unarmed Combat
 + Level 1.7 Invocations


You had 8 spell levels left.
You didn't know any spells.
Your spell library contained the following spells:

 Spells                   Type           Power      Damage    Failure   Level
 Freeze                   Ice            0%         1d3       38%         1
 Poisonous Vapours        Pois/Air       0%         N/A       52%         2
 Frozen Ramparts          Ice            0%         1d1       77%         3
 Hailstorm                Conj/Ice       0%         3d3       77%         3
 Inner Flame              Hex/Fire       0%         N/A       77%         3
 Mephitic Cloud           Conj/Pois/Air  0%         N/A       77%         3
 Freezing Cloud           Conj/Ice/Air   0%         6-21      100%        5
 Yara's Violent Unravell  Hex/Tmut       0%         3d3       100%        5
 Enfeeble                 Hex            0%         N/A       100%        7


Dungeon Overview and Level Annotations

Branches:
Dungeon (7/15)             Temple (1/1) D:6

Altars:
Ashenzari
Cheibriados
Dithmenos
Gozag
Hepliaklqana
Kikubaaqudgha
Makhleb
Nemelex Xobeh
Okawaru
Qazlal
Ru
Sif Muna
Trog
Uskayaw
Vehumet
Xom

Shops:
D:1 ((**(


Innate Abilities, Weirdness & Mutations

You are immune to poison.
You have sharp fingernails.
Your flesh is cold resistant. (rC+)
You are immune to negative energy. (rN+++)
You do not regenerate when monsters are visible.
You are immune to unholy pain and torment.
You thrive by killing the living.


Message History

The orc priest invokes the aid of Beogh against you.
Beogh smites you!
* * * LOW HITPOINT WARNING * * *
Unknown command.
Okay, then.
Unknown command.
You stomp with the beat, sending a shockwave through the revellers around you!
The orc priest is severely wounded.
You can no longer stomp with the beat.
The orc priest barely misses you.
You barely miss the orc priest.
The orc priest is severely wounded.
The orc priest hits you with a +0 short sword.
* * * LOW HITPOINT WARNING * * *
An orc priest comes into view.
It is wielding a +0 mace and wearing a +0 chain mail of willpower.
Unknown command.
Okay, then.
Unknown command.
The orc priest shouts!
You mangle the orc priest!!
You kill the orc priest!
You feel better.
You hear a shout!
You can now stomp with the beat.
Your Fighting skill increases to level 4!
Aiming: Throw Flame
Press: ? - help, Shift-Dir - straight line, f - orc warrior
Aim: an orc warrior, wielding a +0 scimitar and wearing a +0 chain mail (severely wounded, haloed, 77% to hit)
The puff of flame hits the orc warrior.
The orc warrior is almost dead.
An orc wizard comes into view. It is wielding a +0 dagger.
The orc warrior barely misses you.
Unknown command.
The orc wizard shouts!
You scratch the orc warrior.
The orc warrior is almost dead.
You scratch the orc warrior but do no damage.
The orc warrior is almost dead.
The orc warrior hits you with a +0 scimitar!
You die...

#.#. #....# #######.#<
#....# #.......#. #....#
#.#####.#. #....#
#######.######## +....+
................ #####....#
#######.#.######
######...o..############.#.#
............o...@o.......#.#
######......##############.#
# #......# .# # #.....†# ##
# #......# . ######....).#
## ...........##
#######.#..# #.#..#


You could see an orc warrior, an orc priest and an orc wizard.

Vanquished Creatures
  A steam dragon (D:7)
  Menkaure (D:4)
  A water moccasin (D:6)
  A sky beast (D:6)
  2 black bears
  2 ogres
  A phantom (D:5)
  A kobold brigand (D:6)
  2 scorpions
  A wight (D:7)
  An orc priest (D:7)
  5 hounds
  2 jellies
  A gnoll bouda (D:6)
  4 iguanas
  An orc wizard (D:7)
  7 gnolls
  13 adders
  7 dart slugs
  2 worms
  10 orcs
  10 endoplasms
  7 giant cockroaches
  12 goblins
  8 hobgoblins
  5 jackals
  17 kobolds
  4 quokkas
  9 ball pythons
  8 bats
  3 frilled lizards
  6 rats
155 creatures vanquished.

Notes
Turn   | Place    | Note
-------+----------+-------------------------------------------
     0 | D:1      | Kallu the Ghoul Monk began the quest for the Orb.
     0 | D:1      | Reached XP level 1. HP: 19/19 MP: 0/0
    26 | D:1      | Found Gymeetuc's Weapon Shoppe.
    74 | D:1      | Reached XP level 2. HP: 23/26 MP: 1/1
    77 | D:1      | Reached skill level 4 in Unarmed Combat
   237 | D:1      | Found Ejemyeha's General Store.
   356 | D:1      | Found Hoqeramm's Antique Weapon Shoppe.
   477 | D:1      | Reached XP level 3. HP: 29/31 MP: 2/2
   528 | D:1      | Found Haskibiz's Antique Weapon Shoppe.
   797 | D:1      | Found Nurojusu's Assorted Antiques.
  1108 | D:1      | Found a faded altar of an unknown god.
  1177 | D:2      | Reached skill level 5 in Unarmed Combat
  1345 | D:2      | Reached XP level 4. HP: 35/38 MP: 3/3
  1494 | D:2      | Identified the amulet "Erer" {Acrobat rC+ Int+4}
  2011 | D:3      | Reached skill level 6 in Unarmed Combat
  2169 | D:3      | Reached XP level 5. HP: 41/45 MP: 4/4
  2314 | D:3      | HP: 1/45 [gnoll/+0 spear (6)]
  2674 | D:3      | Found a faded altar of an unknown god.
  2683 | D:3      | Found a snail-covered altar of Cheibriados.
  2867 | D:4      | Reached skill level 7 in Unarmed Combat
  2949 | D:4      | Reached XP level 6. HP: 42/51 MP: 5/5
  3126 | D:4      | Noticed a black bear
  3131 | D:4      | Killed a black bear
  3199 | D:4      | Reached skill level 8 in Unarmed Combat
  3412 | D:4      | Found a broken altar of Ashenzari.
  3508 | D:4      | Reached XP level 7. HP: 57/57 MP: 6/6
  3521 | D:4      | Noticed Menkaure
  3539 | D:4      | Killed Menkaure
  3540 | D:4      | Reached skill level 9 in Unarmed Combat
  4119 | D:5      | Entered Level 5 of the Dungeon
  4265 | D:5      | Reached skill level 10 in Unarmed Combat
  4346 | D:5      | Reached XP level 8. HP: 53/63 MP: 7/7
  4458 | D:5      | Found a sacrificial altar of Ru.
  4462 | D:5      | Found a burning altar of Makhleb.
  4464 | D:5      | Found a radiant altar of Vehumet.
  4480 | D:5      | Found a sparkling altar of Nemelex Xobeh.
  5220 | D:6      | Reached skill level 11 in Unarmed Combat
  5474 | D:6      | Found a staircase to the Ecumenical Temple.
  5522 | D:6      | Found a shadowy altar of Dithmenos.
  5544 | Temple   | Entered the Ecumenical Temple
  5619 | Temple   | Became a worshipper of Uskayaw the Reveller
  5619 | Temple   | Reached * piety under Uskayaw
  5817 | D:6      | Reached ** piety under Uskayaw
  5824 | D:6      | Reached *** piety under Uskayaw
  5825 | D:6      | Reached skill level 12 in Unarmed Combat
  6327 | D:7      | Reached skill level 1 in Invocations
  6327 | D:7      | Reached XP level 9. HP: 71/71 MP: 8/8
  6343 | D:7      | Found an opulent altar of Gozag.
  6352 | D:7      | Reached skill level 1 in Armour
  6401 | D:7      | Found an opulent altar of Gozag.
  6456 | D:7      | Slain by an orc warrior

Illustrated notes

Levels and vault maps discovered:
D:1:      minmay_arrival_nine_rooms, layout_loops_corners, serial_shops,
          nicolae_lakefront_shop, shop, nicolae_shop_advertising_works
          [nicolae_subvault_shop_adworks], shop, shop,
          shapermc_ecumenical_altar_mp_urbaneastern
D:2:      layout_loops_cross
D:3:      layout_loops_ring, nicolae_overflow_ecumenical_swirl,
          dk_noncrumbling_4
D:4:      minmay_thinvault, layout_basic, kennysheep_mini, uniq_menkaure
D:5:      wad_river_or_something, layout_basic, mainiacjoe_overflow_paths,
          grunt_temple_overflow_open
D:6:      layout_basic, mainiacjoe_overflow_cross_hatched, temple_pool_b
D:7:      layout_basic, nicolae_gozag_conspicuous_consumption,
          kennysheep_little_box
Temple:   cyrus_temple_forest

Skill      XL: |  1  2  3  4  5  6  7  8  9 |
---------------+----------------------------+-----
Unarmed Combat | 4 5 6 7 8 10 12 | 12.3
Invocations    | 1 |  1.7
Armour         | 1 |  1.3
Fighting       | 4 |  4.0
Dodging        | |  2.6

Action                     |  1- 3 |  4- 6 |  7- 9 || total
---------------------------+-------+-------+-------++-------
  Melee: Unarmed           |    86 |   134 |   171 ||   391
   Fire: Sling             |     1 |       |       ||     1
  Throw: Dart              |       |     2 |       ||     2
 Invoke: Stomp             |       |       |     1 ||     1
         Line Pass         |       |       |     1 ||     1
  Evoke: Wand              |       |       |     1 ||     1
    Use: Scroll            |       |     4 |     1 ||     5
   Stab: Confused          |       |       |     2 ||     2
 Armour: Robe              |    13 |    13 |     9 ||    35
  Dodge: Dodged            |    40 |    82 |    88 ||   210
